 Dungeon Crawl Stone Soup version 0.20.1-1-g8b1a95d (webtiles) character file.

107 Inchmeat the Poker (level 4, 0/33 HPs)
             Began as a Merfolk Skald on Dec 27, 2017.
             Slain by a gnoll
             ... wielding a +0 halberd
              (9 damage)
             ... on level 3 of the Dungeon.
             The game lasted 00:04:17 (2616 turns).

Inchmeat the Poker (Merfolk Skald)                  Turns: 2616, Time: 00:04:18

Health: 0/33       AC:  4    Str: 12    XL:     4   Next: 85%
Magic:  5/7        EV: 12    Int: 12    God:
Gold:   76         SH:  0    Dex: 13    Spells: 1/7 levels left

rFire    + . .     SeeInvis .   w - +0 trident
rCold    + . .     Gourm    .   (no shield)
rNeg     . . .     Faith    .   b - +0 leather armour
rPois    .         Spirit   .   (no helmet)
rElec    .         Reflect  .   s - scarf {rC+ rF+}
rCorr    .         Harm     .   (no gloves)
MR       .....                  u - +0 pair of boots
Stlth    +.........             (no amulet)
Regen    0.2/turn               (no ring)
MPRegen  0.1/turn               (no ring)

@: infused
A: change form in water, swift swim, stealthy swim
a: no special abilities


You were on level 3 of the Dungeon.
You were not hungry.

You visited 1 branch of the dungeon, and saw 3 of its levels.

You collected 76 gold pieces.

Inventory:

Hand Weapons
 a - a +0 spear
 w - a +0 trident (weapon)
Armour
 b - a +0 leather armour (worn)
 s - a scarf of resistance (worn)
 u - a +0 pair of boots (worn)
 x - a +1 cloak of invisibility
Scrolls
 d - 2 scrolls of teleportation {unknown}
 f - a scroll of fog {unknown}
 j - 2 scrolls of random uselessness {unknown}
 k - 2 scrolls of magic mapping {unknown}
 l - 4 scrolls of identify {unknown}
 o - 3 scrolls of remove curse {@r2}
 p - a scroll of fear {unknown}
 q - 2 scrolls of immolation {unknown}
Potions
 e - 2 potions of might {unknown}
 g - a potion of flight {unknown}
 h - a potion of invisibility {unknown}
 i - a potion of degeneration {unknown}
 m - a potion of ambrosia {unknown}
 n - a potion of curing {unknown}
 r - 3 potions of lignification {unknown}
 v - 2 potions of agility {unknown}
Books
 c - a book of Battle

   Spells                             Type                      Level
   a - Infusion                       Charms                       1
   b - Shroud of Golubria             Charms/Translocation         2
   c - Song of Slaying                Charms                       2
   d - Spectral Weapon                Hexes/Charms                 3
   e - Regeneration                   Charms/Necromancy            3
Comestibles
 t - a bread ration


   Skills:
 - Level 2.1 Fighting
 * Level 4.9 Polearms
 - Level 0.6 Armour
 - Level 2.9 Dodging
 - Level 2.0 Spellcasting
 * Level 1.0 Hexes
 * Level 4.7 Charms


You had one spell level left.
You knew the following spells:

 Your Spells              Type           Power        Failure   Level  Hunger
a - Infusion              Chrm           ##..         4%          1    ##.....
b - Song of Slaying       Chrm           ##......     8%          2    ###....
c - Spectral Weapon       Hex/Chrm       #.......     32%         3    ####...


Dungeon Overview and Level Annotations

Branches:
Dungeon (3/15)

Altars:


Message History

Confirm wit' . or Enter, or press ? or * ta list all spells.
Ye begin infusin' yer attacks wit' magical energy.
Tha gnoll hits ye but does nay damage.
Tha gnoll hits ye from afar wit' a halberd!
Ye hit tha gnoll.
Tha gnoll be severely wounded.
Tha gnoll closely misses ye. x2
Ye barely miss tha gnoll.
Tha gnoll be severely wounded.
Tha gnoll barely misses ye.
Tha hobgoblin closely misses ye.
Tha gnoll hits ye but does nay damage.
Ye puncture tha gnoll!
Ye kill tha gnoll!
Yer Hexes skill increases ta level 1!
Tha hobgoblin barely misses ye.
Tha gnoll hits ye from afar wit' a halberd!
* * * LOW HITPOINT WARNIN'
* * * Tha hobgoblin barely misses ye.
Tha gnoll closely misses ye.
Tha gnoll hits ye from afar wit' a halberd!
Ye die...

# # # ####### # #.....#
# #########.....# #
#.............####
#######.................
#.....#.................
#.....#.(......g@.......
......#.......g.........
......#.................
......#........(........
#.....#..........#######
#.....#).........###
'.....†.)...).......
#.....#...........##
############......#


You could see a gnoll and a hobgoblin.

Vanquished Creatures
  2 gnolls
  4 adders
  An ooze (D:1)
  An adder zombie (D:3)
  A dart slug (D:1)
  2 leopard geckos
  An orc (D:3)
  6 goblins
  5 hobgoblins
  3 kobolds
  7 bats
  3 frilled lizards
  5 rats
41 creatures vanquished.

Notes
Turn   | Place    | Note
-------+----------+-------------------------------------------
     0 | D:1      | Inchmeat the Merfolk Skald began the quest for the Orb.
     0 | D:1      | Reached XP level 1. HP: 16/16 MP: 3/3
   375 | D:1      | Reached XP level 2. HP: 22/22 MP: 0/5
   774 | D:1      | Reached XP level 3. HP: 26/27 MP: 6/6
  1832 | D:2      | Reached XP level 4. HP: 32/33 MP: 3/7
  1836 | D:2      | Learned a level 2 spell: Song of Slaying
  1840 | D:2      | Learned a level 3 spell: Spectral Weapon
  2608 | D:3      | Reached skill level 1 in Hexes
  2616 | D:3      | Slain by a gnoll

Skill      XL: |  1  2  3  4 |
---------------+-------------+-----
Polearms       | 4 |  4.9
Charms         | 4 |  4.7
Hexes          | 1 |  1.0
Fighting       | |  2.1
Armour         | |  0.6
Dodging        | |  2.9
Spellcasting   | |  2.0

Action                   |  1- 3 |  4- 6 || total
-------------------------+-------+-------++-------
Melee: Spear             |    82 |    30 ||   112
       Trident           |       |    17 ||    17
Throw: Throwing net      |     1 |       ||     1
 Cast: Infusion          |    14 |     6 ||    20
  Use: Scroll            |       |     1 ||     1
 Stab: Sleeping          |       |     1 ||     1
  Eat: Bread ration      |     1 |       ||     1
       Chunk             |       |     1 ||     1
Armor: Leather armour    |    71 |     8 ||    79
Dodge: Dodged            |   147 |    35 ||   182
